 Dungeon Crawl Stone Soup version 0.28.0-53-g5a82cb258f (webtiles) character file.

Game seed: 496553441913882977

1052 LynnLen the Magician (level 8, -5/36 HPs)
             Began as a Spriggan Venom Mage on Aug 2, 2022.
             Was a Follower of Makhleb.
             Slain by a wraith (12 damage)
             ... on level 6 of the Dungeon.
             The game lasted 00:43:08 (10798 turns).

LynnLen the Magician (Spriggan Venom Mage)         Turns: 10798, Time: 00:43:09

Health: -5/36      AC:  2    Str:  4    XL:     8   Next: 5%
Magic:  20/20      EV: 17    Int: 19    God:    Makhleb [*.....]
Gold:   182        SH:  0    Dex: 15    Spells: 9/22 levels left

rFire   . . .      SeeInvis +   m - +3 short sword (freeze)
rCold   + . .      Faith    .   (no shield)
rNeg    . . .      Spirit   .   a - +0 robe
rPois   .          Reflect  .   (helmet restricted)
rElec   .          Harm     .   (no cloak)
rCorr   .          Rampage  .   (gloves unavailable)
Will    +....                   (boots unavailable)
Stlth   ++........              (no amulet)
HPRegen 0.12/turn               (no ring)
MPRegen 0.17/turn               (no ring)

@: slowed, quick
A: very small, no large weapons, unfitting armour, see invisible, speed 3, horns
1, cold resistance 1, wild magic 1, evolution 1
a: Renounce Religion


You were on level 6 of the Dungeon.
You worshipped Makhleb.
Makhleb was aware of your devotion.
You visited 2 branches of the dungeon, and saw 7 of its levels.

You collected 182 gold pieces.

Inventory:

Hand Weapons
 m - a +3 short sword of freezing (weapon)
Missiles
 g - 8 poisoned darts
Armour
 a - a +0 robe (worn)
Scrolls
 h - 2 scrolls of vulnerability
Potions
 c - 5 potions of flight
 j - a potion of brilliance


   Skills:
 - Level 2.6 Dodging
 - Level 3.0 Stealth
 + Level 7.7 Spellcasting
 * Level 3.2 Conjurations
 - Level 3.0 Transmutations
 * Level 2.0 Air Magic
 + Level 5.2 Poison Magic


You had 9 spell levels left.
You knew the following spells:

 Your Spells              Type           Power      Damage    Failure   Level
a - Sting                 Tmut/Pois      100%       1d8       3%          1
b - Poisonous Vapours     Pois/Air       54%        N/A       5%          2
c - Mephitic Cloud        Conj/Pois/Air  26%        N/A       11%         3
d - Magic Dart            Conj           100%       1d8       4%          1
e - Olgreb's Toxic Radia  Pois           35%        N/A       16%         4
f - Call Imp              Summ           9%         N/A       21%         2

Your spell library contained the following spells:

 Spells                   Type           Power      Damage    Failure   Level
 Animate Skeleton         Necr           18%        N/A       14%         1
 Apportation              Tloc           18%        N/A       14%         1
 Summon Small Mammal      Summ           36%        N/A       14%         1
 Sublimation of Blood     Necr           9%         N/A       21%         2
 Stone Arrow              Conj/Erth      34%        3d9       21%         3
 Petrify                  Tmut/Erth      17%        N/A       54%         4
 Irradiate                Conj/Tmut      12%        3d17      65%         5
 Animate Armour           Summ/Erth      18%        N/A       75%         4
 Lehudib's Crystal Spear  Conj/Erth      8%         10d4      100%        8


Dungeon Overview and Level Annotations

Branches:
Dungeon (6/15)             Temple (1/1) D:4

Altars:
Ashenzari
Cheibriados
Dithmenos
Elyvilon
Fedhas
Gozag
Hepliaklqana
Kikubaaqudgha
Makhleb
Nemelex Xobeh
Okawaru
Qazlal
Ru
Sif Muna
Trog
Uskayaw
Vehumet
Xom
Yredelemnul
Zin
The Shining One

Shops:
D:1 !


Innate Abilities, Weirdness & Mutations

You are very small and have problems with some larger weapons.
You are too small for most types of armour.
You have supernaturally acute eyesight. (SInv)
You cover ground extremely quickly. (Speed+++)
You have a pair of small horns on your head.
Your flesh is cold resistant. (rC+)
Your spells are a little harder to cast, but a little more powerful.
You have hidden genetic potential.


Message History

Aiming: Magic Dart (safe; 4% risk of failure)
Press: ? - help, Q - select action, (/) - cycle Shift-Dir - straight line, f - wraith
Aim: a wraith (moderately damaged, 100% to hit)
The magic dart hits the wraith but does no damage.
The wraith is moderately damaged.
The wraith hits you! The wraith drains your vigour!
You feel yourself slow down.
Aiming: Magic Dart (safe; 4% risk of failure)
Press: ? - help, Q - select action, (/) - cycle Shift-Dir - straight line, f/p - wraith
Aim: a wraith (moderately damaged, 100% to hit)
The magic dart hits the wraith but does no damage.
The wraith is moderately damaged.
The wraith closely misses you. The wraith hits you!
The wraith drains your vigour!
You feel as though you will be slow longer.
The wraith hits you. The wraith barely misses you.
The wraith closely misses you. The wraith completely misses you.
Aiming: Magic Dart (safe; 4% risk of failure)
Press: ? - help, Q - select action, (/) - cycle Shift-Dir - straight line, f/p - wraith
Aim: a wraith (moderately damaged, 100% to hit)
The magic dart hits the wraith but does no damage.
The wraith is moderately damaged.
The wraith hits you. The wraith drains your vigour!
You feel as though you will be slow longer.
The wraith misses you.
Okay, then.
You feel better. The wraith hits you. The wraith drains your vigour!
You feel as though you will be slow longer.
The wraith barely misses you. The wraith hits you.
The wraith drains your vigour!
You feel as though you will be slow longer.
The wraith hits you. The wraith hits you!
* * * LOW HITPOINT WARNING * * *
The wraith drains your vigour!
You feel as though you will be slow longer.
The wraith hits you!
You die...

+......#........#
#......#........#
#......#........#
#.....[#........#
#......#........#
+......#........#
#.<....#........#
#......#........#
########.@......#
#.W.......#
#.........#
#.........#
##........#
##........#
#.........#
#.<.......#
#.........#


You could see a wraith.

Vanquished Creatures
  An ice beast (D:5)
  An ogre (D:4)
  2 necrophages
  A phantom (D:5)
  A wyvern zombie (D:4)
  A centaur zombie (D:5)
  3 orc priests
  A centaur skeleton (D:6)
  2 hounds
  2 iguanas
  4 orc wizards
  5 adders
  A shadow imp (D:5)
  An adder skeleton (D:5)
  3 worms
  A dart slug (D:1)
  28 orcs
  7 endoplasms
  A giant cockroach (D:5)
  6 goblins
  15 hobgoblins
  6 jackals
  7 quokkas
  5 ball pythons
  7 bats
  4 frilled lizards
  6 kobolds
  4 rats
126 creatures vanquished.

Vanquished Creatures (others)
  A plant (D:3)
1 creature vanquished.

Grand Total: 127 creatures vanquished

Notes
Turn   | Place    | Note
-------+----------+-------------------------------------------
     0 | D:1      | LynnLen the Spriggan Venom Mage began the quest for the
                  | Orb.
     0 | D:1      | Reached XP level 1. HP: 9/9 MP: 5/5
   448 | D:1      | Reached XP level 2. HP: 13/13 MP: 4/6
   579 | D:1      | Found Watane's Distillery.
   674 | D:1      | Reached skill level 3 in Spellcasting
   711 | D:1      | Learned a level 2 spell: Poisonous Vapours
  1957 | D:2      | Reached XP level 3. HP: 16/16 MP: 3/8
  2046 | D:2      | Learned a level 3 spell: Mephitic Cloud
  2075 | D:2      | Found a faded altar of an unknown god.
  2860 | D:2      | Reached XP level 4. HP: 16/21 MP: 8/10
  2980 | D:2      | Reached skill level 4 in Spellcasting
  3144 | D:2      | Reached skill level 1 in Conjurations
  3371 | D:3      | Reached XP level 5. HP: 24/24 MP: 7/12
  4688 | D:3      | Reached skill level 5 in Spellcasting
  4688 | D:3      | Reached XP level 6. HP: 19/28 MP: 9/14
  6410 | D:4      | Learned a level 1 spell: Magic Dart
  6450 | D:4      | Learned a level 4 spell: Olgreb's Toxic Radiance
  6453 | D:4      | Learned a level 2 spell: Call Imp
  6895 | D:4      | Reached skill level 6 in Spellcasting
  7143 | D:4      | Found a staircase to the Ecumenical Temple.
  7314 | D:4      | Reached XP level 7. HP: 32/32 MP: 15/17
  7370 | Temple   | Entered the Ecumenical Temple
  7490 | Temple   | Became a worshipper of Makhleb the Destroyer
  7992 | D:4      | Reached skill level 1 in Air Magic
  7992 | D:4      | Reached skill level 5 in Poison Magic
  8227 | D:5      | Entered Level 5 of the Dungeon
  8946 | D:5      | Reached * piety under Makhleb
  8947 | D:5      | Reached skill level 7 in Spellcasting
  9116 | D:5      | Gained mutation: Your spells are a little harder to cast,
                  | but a little more powerful. [potion of mutation]
  9116 | D:5      | Gained mutation: You have hidden genetic potential. [potion
                  | of mutation]
  9116 | D:5      | Gained mutation: You have a pair of small horns on your
                  | head. [potion of mutation]
  9116 | D:5      | Gained mutation: Your flesh is cold resistant. (rC+)
                  | [potion of mutation]
 10349 | D:5      | Reached XP level 8. HP: 29/36 MP: 18/20
 10798 | D:6      | Slain by a wraith

Illustrated notes

Levels and vault maps discovered:
D:1:      heliophobic_arrival_battle_scene, layout_basic, serial_shops,
          nicolae_square_shop, hangedman_feature_mirror
D:2:      layout_rooms, ebering_ecumenical_altar_abandoned, grunt_ministairs_15,
          minmay_hexomino_p4
D:3:      layout_loops_cross, minmay_misc_feat_room, supply_closet_lemuel,
          wad_woods_river_04
D:4:      layout_loops_ring, minmay_temple_entry_water_ring,
          minmay_misc_feat_columns, hangedman_abyss_or_decor_slice,
          grunt_ministairs_5, dk_noncrumbling_2
D:5:      layout_basic, gup_sewer_entry_bowl
D:6:      layout_gridville, mainiacjoe_overflow_alcove_4, minmay_manual_mess
Temple:   kilobyte_greek_temple

Skill      XL: |  1  2  3  4  5  6  7 |
---------------+----------------------+-----
Spellcasting   | 3 4 5 6 7 |  7.7
Transmutations | 2 3 |  3.0
Conjurations   | 1 2 3 |  3.2
Poison Magic   | 4 5 |  5.2
Air Magic      | 2 |  2.0
Dodging        | |  2.6
Stealth        | |  3.0

Action                   |  1- 3 |  4- 6 |  7- 9 || total
-------------------------+-------+-------+-------++-------
Melee: Unarmed           |     7 |       |       ||     7
       Short sword       |       |    30 |    13 ||    43
       Headbutt          |       |       |     2 ||     2
Throw: Dart              |     2 |       |       ||     2
 Cast: Sting             |    68 |    99 |     6 ||   173
       Poisonous Vapours |     5 |     2 |    12 ||    19
       Magic Dart        |       |    40 |   189 ||   229
  Use: Scroll            |     6 |     4 |     5 ||    15
       Potion            |       |     1 |     3 ||     4
Armor: Robe              |     7 |     7 |     5 ||    19
Dodge: Dodged            |    37 |    81 |    70 ||   188
